Map: Romanticide LE

Players

Krystianer

  • Race: Protoss Protoss
  • League: Grandmaster
  • Spawn Location: 5:00

DnS - Winner!

  • Race: Protoss Protoss
  • Spawn Location: 11:00

Event: DreamHack SC2 Masters 2020 Winter

VOD

Have the link to the VOD?

Description

Time

  • Played on: Nov. 1, 2020, 12:14 p.m.
  • Length: 10:09

All games in this series

Show
View Real Time Build Order
Export as new Build Order

Krystianer Protoss 

Build Orders:  

Get SALT Encoding   

  12  0:00  Probe  
  13  0:12  Probe  
  14  0:16  Pylon  
  14  0:24  Probe (Chrono Boost)  
  16  0:36  Probe (Chrono Boost)  
  16  0:38  Gateway  
  16  0:42  Probe (Chrono Boost)  
  16  0:45  Assimilator  
  17  0:50  Probe  
  17  0:53  Assimilator  
  18  1:03  Probe (Chrono Boost)  
  19  1:06  Gateway  
  20  1:12  Probe (Chrono Boost)  
  20  1:17  Probe (Chrono Boost)  
  20  1:25  Cybernetics Core  
  21  1:29  Probe  
  22  1:33  Pylon  
  22  1:41  Probe  
  23  1:53  Probe  
  24  2:00  Warp Gate (Chrono Boost)  
  24  2:03  Stalker x2  
  28  2:10  Pylon  
  28  2:31  Gateway  
  28  2:33  Stalker x2  
  32  2:45  Gateway  
  32  3:03  Stalker x2  
  36  3:09  Pylon  
  36  3:20  Shield Battery  
  36  3:41  Stalker  
  36  3:42  Stalker x2  
  36  3:44  Sentry  
  44  3:59  Pylon  
  44  4:06  Adept x2  
  46  4:23  Adept x2  
  50  4:29  Adept  
  50  4:31  Adept  
  54  4:38  Pylon  
  44  5:15  Nexus  
  44  5:32  Adept x2  
  44  5:33  Adept x2  
  50  5:37  Probe  
  51  5:52  Probe  
  51  5:54  Sentry x2  
  51  5:56  Stalker  
  56  6:12  Probe (Chrono Boost)  
  57  6:20  Adept x2  
  57  6:21  Adept  
  63  6:26  Probe (Chrono Boost)  
  62  6:39  Adept  
  58  6:42  Adept x2, Sentry  
  64  6:47  Probe (Chrono Boost)  
  64  6:50  Probe (Chrono Boost)  
  66  6:59  Probe x2 (Chrono Boost)  
  62  7:05  Twilight Council, Probe  
  62  7:08  Probe  
  64  7:17  Probe  
  65  7:24  Adept x2  
  65  7:25  Adept  
  71  7:35  Pylon  
  71  7:41  Dark Shrine  
  71  7:44  Charge (Chrono Boost)  
  71  7:47  Probe  
  72  7:58  Gateway  
  72  8:00  Gateway  
  72  8:07  Gateway  
  72  8:08  Gateway  
  72  8:21  Pylon  
  72  8:30  Pylon  
  72  8:34  Zealot x3  
  72  8:35  Zealot  
  72  8:40  Pylon  
  80  8:52  Shield Battery  
  80  8:54  Dark Templar x3  
  86  8:58  Stalker  
  84  9:12  Dark Templar  
  86  9:22  Assimilator, Robotics Facility  
  80  9:27  Stalker  
  80  9:28  Stalker x2  
  84  9:37  Zealot x2  
  86  9:45  Zealot x2  
  88  10:03  Stalker x3, Adept  
Show
View Real Time Build Order
Export as new Build Order

DnS Protoss - Winner!

Build Orders: 1 Gate Expand 

Get SALT Encoding   

  12  0:00  Probe  
  13  0:12  Probe  
  14  0:20  Pylon  
  14  0:24  Probe  
  15  0:38  Probe (Chrono Boost)  
  15  0:39  Gateway  
  16  0:47  Assimilator, Probe (Chrono Boost)  
  17  0:52  Probe  
  18  1:04  Probe  
  19  1:16  Probe  
  20  1:24  Nexus  
  20  1:32  Cybernetics Core  
  20  1:35  Probe  
  21  1:42  Assimilator  
  21  1:47  Probe  
  21  1:51  Pylon  
  22  1:59  Probe  
  23  2:06  Stalker (Chrono Boost)  
  23  2:10  Warp Gate  
  23  2:11  Probe  
  26  2:25  Robotics Facility  
  26  2:26  Probe  
  27  2:33  Stalker (Chrono Boost)  
  29  2:37  Shield Battery  
  29  2:40  Probe  
  29  2:41  Probe  
  31  2:55  Stalker  
  33  3:02  Shield Battery  
  33  3:10  Immortal (Chrono Boost)  
  33  3:18  Pylon  
  37  3:25  Gateway  
  37  3:27  Sentry  
  39  3:37  Gateway  
  39  3:44  Immortal (Chrono Boost)  
  43  3:51  Shield Battery  
  43  4:00  Stalker  
  45  4:07  Probe x2  
  45  4:14  Immortal (Chrono Boost)  
  45  4:23  Pylon  
  49  4:26  Pylon  
  49  4:32  Sentry  
  49  4:35  Probe  
  49  4:36  Probe  
  53  4:43  Pylon  
  53  4:44  Pylon  
  53  4:50  Sentry  
  55  4:52  Adept  
  55  4:53  Shield Battery  
  53  5:11  Immortal (Chrono Boost)  
  57  5:17  Cybernetics Core, Zealot  
  59  5:23  Probe x2  
  58  5:35  Probe  
  58  5:36  Probe  
  58  5:38  Pylon  
  60  5:43  Pylon  
  60  5:49  Immortal (Chrono Boost)  
  64  5:54  Probe x2  
  64  5:55  Pylon  
  64  5:56  Sentry  
  66  6:01  Adept x2  
  70  6:13  Pylon  
  70  6:15  Probe  
  70  6:16  Warp Prism (Chrono Boost)  
  73  6:21  Adept x2  
  77  6:28  Probe x2  
  73  6:43  Adept x2  
  76  6:47  Probe x2  
  76  6:49  Pylon, Immortal (Chrono Boost)  
  76  6:51  Shield Battery  
  81  7:04  Adept, Probe x2  
  81  7:07  Gateway  
  85  7:10  Assimilator  
  85  7:12  Assimilator, Gateway  
  85  7:15  Shield Battery  
  85  7:25  Adept x2  
  85  7:27  Shield Battery  
  89  7:37  Probe x2  
  89  7:41  Observer  
  92  7:46  Adept  
  92  7:49  Shield Battery  
  92  7:50  Shield Battery  
  94  7:52  Pylon x2  
  94  7:56  Gateway, Twilight Council  
  94  8:01  Pylon  
  94  8:09  Observer  
  94  8:12  Adept  
  94  8:13  Adept x2  
  94  8:14  Shield Battery  
  100  8:28  Resonating Glaives (Chrono Boost)  
  100  8:41  Adept x4  
  100  8:48  Gateway  
  108  8:53  Dark Shrine  
  108  8:54  Pylon x2  
  108  9:06  Adept  
  110  9:11  Pylon  
  110  9:16  Adept x4  
  118  9:20  Observer  
  119  9:41  Pylon  
  119  9:42  Adept x4  
  119  9:43  Adept x2  
  131  9:52  Pylon  
  132  9:53  Pylon  
  126  10:07  Dark Templar x4  
Tags
 
Add a new tag
Caveats
  • Supply blocks, unpowered buildings, or Contaminate may cause inaccurate times.
  • Supply counts are checked every 10 seconds.